 Dungeon Crawl Stone Soup version 0.32-a0-471-gb91d5d9764 (webtiles) character file.

Game seed: 15659129187424193381

1739 SeneschalOfTtheSun the Apothecary (level 8, -10/57 HPs)
             Began as a Mummy Alchemist on Feb 25, 2024.
             Was a Believer of Kikubaaqudgha.
             Mangled by a wight
             ... wielding a +5 halberd
              (13 damage)
             ... on level 6 of the Dungeon.
             The game lasted 00:09:10 (6609 turns).

SeneschalOfTtheSun the Apothecary (Mummy Alchemist) Turns: 6609, Time: 00:09:10

Health: -10/57     AC:  2    Str: 11    XL:     8   Next: 77%
Magic:  16/16      EV: 12    Int: 17    God:    Kikubaaqudgha [**....]
Gold:   339        SH:  0    Dex: 18    Spells: 13/18 levels left

rFire   x . .        k - +6 glaive of the Slashing Goat {elec, Dex+6}
rCold   + . .        (shield currently unavailable)
rNeg    + + +        a - +0 robe
rPois   ∞            (no helmet)
rElec   .            (no cloak)
rCorr   .            (no gloves)
SInv    .            (no boots)
Will    +....        c - amulet of magic regeneration
Stlth   ++           (no ring)
HPRegen 0.29/turn    (no ring)
MPRegen 0.55/turn

%: faith
@: no status effects
A: cold resistance 1, negative energy resistance 3, torment resistance 2, heat
vulnerability 1, in touch with death 1, no potions, faith
a: Renounce Religion, Unearth Wretches


You were on level 6 of the Dungeon.
You worshipped Kikubaaqudgha.
Kikubaaqudgha was pleased with you.
You visited 2 branches of the dungeon, and saw 7 of its levels.

You collected 339 gold pieces.

Inventory:

Hand Weapons
 k - the +6 glaive of the Slashing Goat (weapon) {elec, Dex+6}
   (You found it on level 3 of the Dungeon)

   Dex+6:     It affects your dexterity (+6).
 n - a +1 rapier of speed
Armour
 a - a +0 robe (worn)
 h - a +0 cloak
Magical Staves
 g - a staff of air {rElec !a}
Jewellery
 c - an amulet of magic regeneration (around neck)
 f - an amulet of reflection
 i - an amulet of the acrobat
 l - a +6 ring of intelligence
 p - an amulet of regeneration
 q - a ring of fire
 t - a ring of resist corrosion
Wands
 r - a wand of flame (23)
Scrolls
 b - 6 scrolls of identify {unknown}
 d - a scroll of summoning {unknown}
 e - a scroll of revelation {@r5}
 j - 2 scrolls of vulnerability {!r}
 m - a scroll of fog {unknown}
 o - 2 scrolls of blinking {unknown}
 s - a scroll of brand weapon {unknown}


   Skills:
 + Level 2.4 Fighting
 - Level 1.5 Dodging
 - Level 1.5 Stealth
 + Level 5.9 Spellcasting
 - Level 0.7 Conjurations
 + Level 3.0 Hexes
 * Level 4.0 Summonings
 - Level 7.0 Alchemy


You had 13 spell levels left.
You knew the following spells:

 Your Spells              Type           Power      Damage    Failure   Level
o - Olgreb's Toxic Radia  Alch           28%        N/A       8%          4
s - Sting                 Conj/Alch      72%        1d7       2%          1

Your spell library contained the following spells:

 Spells                   Type           Power      Damage    Failure   Level
 Mercury Vapours          Alch/Air       32%        N/A       4%          2
 Cigotuvi's Dreadful Rot  Necr/Alch/Air  38%        N/A       8%          2
 Kiss of Death            Conj/Necr      36%        2d8       11%         1
 Confusing Touch          Hex            15%        N/A       11%         3
 Necrotise                Necr           28%        1d5       13%         1
 Mephitic Cloud           Conj/Alch/Air  13%        N/A       14%         3
 Summon Ice Beast         Ice/Summ       11%        N/A       17%         3
 Sticky Flame             Fire/Alch      16%        2d5       30%         4
 Fugue of the Fallen      Necr           7%         N/A       36%         3
 Summon Mana Viper        Hex/Summ       17%        N/A       63%         5
 Dispel Undead            Necr           7%         3d8       78%         4
 Monstrous Menagerie      Summ           9%         N/A       100%        7


Dungeon Overview and Level Annotations

Branches:
Dungeon (6/15)             Temple (1/1) D:4

Altars:
Ashenzari
Cheibriados
Dithmenos
Fedhas
Gozag
Hepliaklqana
Kikubaaqudgha
Makhleb
Okawaru
Ru
Trog
Wu Jian
Xom
Yredelemnul

Shops:
D:4 [   D:5 :

Annotations:
D:2 ignis
D:6 2 runed translucent doors


Innate Abilities, Weirdness & Mutations

You are immune to poison.
Your flesh is cold resistant. (rC+)
You are immune to negative energy. (rN+++)
You are immune to unholy pain and torment.
You are vulnerable to heat. (rF-)
You are in touch with the powers of death.
You do not drink.
You have a special connection with the divine. (Faith)


Message History

The wight completely misses you.
Your Hexes skill increases to level 3!
Your Summonings skill increases to level 4!
You reach to attack!
You completely miss the wight.
The wight hits you from afar with a +5 halberd!
You are too injured to fight recklessly!
Reach: k) +6 glaive of the Slashing Goat {elec, Dex+6}
Press: ? - help, Dir - move target, f/p - wight
Aim: a wight, wielding a +5 halberd and wearing a +0 robe (about 37% to evade the +6 glaive of the Slashing Goat)
You reach to attack!
You closely miss the wight. The wight barely misses you.
The wight hits you from afar with a +5 halberd!!
* * * LOW HITPOINT WARNING * * *
Reach: k) +6 glaive of the Slashing Goat {elec, Dex+6}
Press: ? - help, Dir - move target, f/p - wight
Aim: a wight, wielding a +5 halberd and wearing a +0 robe (about 37% to evade the +6 glaive of the Slashing Goat)
You reach to attack!
You barely miss the wight.
The wight hits you from afar with a +5 halberd!
* * * LOW HITPOINT WARNING * * *
The wight hits you from afar with a +5 halberd.
* * * LOW HITPOINT WARNING * * *
Reach: k) +6 glaive of the Slashing Goat {elec, Dex+6}
Press: ? - help, Dir - move target, f/p - wight
Aim: a wight, wielding a +5 halberd and wearing a +0 robe (about 37% to evade the +6 glaive of the Slashing Goat)
You reach to attack!
You slash the wight!
The wight is heavily damaged.
The wight closely misses you. The wight misses you.
Reach: k) +6 glaive of the Slashing Goat {elec, Dex+6}
Press: ? - help, Dir - move target, f/p - wight
Aim: a wight, wielding a +5 halberd and wearing a +0 robe (heavily damaged, about 37% to evade the +6 glaive of the Slashing Goat)
You reach to attack!
You closely miss the wight.
The wight is heavily damaged.
The wight completely misses you.
Reach: k) +6 glaive of the Slashing Goat {elec, Dex+6}
Press: ? - help, Dir - move target, f/p - wight
Aim: a wight, wielding a +5 halberd and wearing a +0 robe (heavily damaged, about 37% to evade the +6 glaive of the Slashing Goat)
You reach to attack!
You closely miss the wight.
The wight is heavily damaged.
The wight hits you from afar with a +5 halberd!
You die...
Kikubaaqudgha rasps: You have failed me!
Welcome... oblivion!

#......_......###
#...#.#...##.#.#
... #.##.###.###
.#.#.# #....###.#
♣..
#.#.####.....#
..#
#.#......##### ##
♣♣♣♣..#
#z........>### #.
.....
#)#####......# #.
... #@# ##...#.#
#. ##.#####.#
##.##.# #.
#........# ####.#
#. ##.######.#
#.# #.
#...#####.# #.#
#. #.........#
#.# #.
#...#######
###.## #. ##.##
#....# ## #.#
#.#.##


You could see a wight.

Vanquished Creatures
  Eustachio (D:4)
  A black bear (D:6)
  An ice beast (D:6)
  An orc warrior (D:6)
  An ogre (D:5)
  2 centaurs
  3 phantoms
  2 scorpions
  2 wights (D:6)
  A bombardier beetle (D:3)
  A jelly (D:6)
  4 hounds
  2 orc priests (D:4)
  3 orc wizards
  2 iguanas (D:6)
  13 adders
  4 gnolls (D:3)
  3 dart slugs
  2 ribbon worms (D:2)
  17 orcs
  3 endoplasms
  4 giant cockroaches
  3 goblins
  5 hobgoblins
  5 jackals
  4 kobolds
  5 quokkas
  12 ball pythons
  4 bats
  2 frilled lizards
  4 rats
117 creatures vanquished.

Vanquished Creatures (others)
  A shadow imp (D:6)
1 creature vanquished.

Grand Total: 118 creatures vanquished

Notes
Turn   | Place    | Note
-------+----------+-------------------------------------------
     0 | D:1      | SeneschalOfTtheSun the Mummy Alchemist began the quest for
                  | the Orb.
     0 | D:1      | Reached XP level 1. HP: 13/13 MP: 4/4
   278 | D:1      | Reached XP level 2. HP: 19/19 MP: 0/6
  1039 | D:2      | Reached skill level 3 in Alchemy
  1059 | D:2      | Reached XP level 3. HP: 24/24 MP: 4/8
  1483 | D:2      | Found a faded altar of an unknown god.
  1730 | D:3      | Reached XP level 4. HP: 26/30 MP: 7/10
  2017 | D:3      | Reached skill level 4 in Alchemy
  2217 | D:3      | Identified the +6 glaive of the Slashing Goat {elec, Dex+6}
  2397 | D:3      | Learned a level 4 spell: Olgreb's Toxic Radiance
  2526 | D:3      | HP: 1/30 [gnoll/+0 spear (2)]
  2648 | D:3      | Reached XP level 5. HP: 35/35 MP: 7/11
  2829 | D:4      | Found Ewkuba's Antique Armour Shop.
  2851 | D:4      | Found a staircase to the Ecumenical Temple.
  2851 | D:4      | Noticed a phantom
  2909 | D:3      | Killed a phantom
  3005 | D:4      | Reached skill level 5 in Alchemy
  3020 | Temple   | Entered the Ecumenical Temple
  3047 | Temple   | Became a worshipper of Kikubaaqudgha
  3171 | D:4      | Reached XP level 6. HP: 41/41 MP: 10/12
  3802 | D:4      | Noticed Eustachio
  3815 | D:4      | Killed Eustachio
  3816 | D:4      | Reached skill level 6 in Alchemy
  3816 | D:4      | Reached XP level 7. HP: 21/46 MP: 6/13
  4045 | D:5      | Entered Level 5 of the Dungeon
  4059 | D:5      | Reached * piety under Kikubaaqudgha
  4059 | D:5      | Received a gift from Kikubaaqudgha
  4230 | D:5      | Reached skill level 7 in Alchemy
  4251 | D:5      | Found a snail-covered altar of Cheibriados.
  4460 | D:5      | Reached skill level 1 in Hexes
  4460 | D:5      | Reached skill level 1 in Summonings
  4772 | D:5      | Found a shadowy altar of Dithmenos.
  4788 | D:5      | Found a bloodstained altar of Trog.
  4879 | D:5      | Found a shimmering altar of Xom.
  5001 | D:5      | Found Fasont's Tremendous Tomes.
  5522 | D:6      | Reached XP level 8. HP: 52/52 MP: 5/15
  5528 | D:6      | HP: 2/52 [ice beast (4)]
  5803 | D:6      | Found a burning altar of Makhleb.
  5861 | D:6      | Reached skill level 5 in Spellcasting
  5949 | D:6      | Reached skill level 1 in Fighting
  5958 | D:6      | Found a runed translucent door.
  5960 | D:6      | Found a runed translucent door.
  6231 | D:6      | Reached ** piety under Kikubaaqudgha
  6442 | D:6      | Found a sacrificial altar of Ru.
  6606 | D:6      | HP: 1/57 [wight/+5 halberd (3)]
  6609 | D:6      | Mangled by a wight

Illustrated notes

Levels and vault maps discovered:
D:1:      scummos_arrival_simple_fountains, layout_basic
D:2:      layout_basic, dreamdust_ecumenical_altar_hidden_monk_grotto,
          minivault_11
D:3:      kennysheep_big_flooded_room, layout_loops_cross, minmay_door_square
D:4:      layout_basic, minmay_temple_entry_proselytizer, serial_shops,
          nicolae_shop_tiny_glass, minmay_snake_closets, uniq_eustachio
D:5:      layout_basic, general_overflow_altar,
          gammafunk_temple_overflow_statue, mainiacjoe_overflow_big_doors,
          amcnicky_altar_gilded, enter_ossuary_3, nicolae_shop_i_like_big_books,
          nicolae_titane
D:6:      lemuel_insect_pit, layout_loops_ring, nicolae_overflow_crystal_walls,
          mainiacjoe_overflow_alcove_1, nrook_campfire
Temple:   nicolae_temple_bog_church

Skill      XL: |  1  2  3  4  5  6  7  8 |
---------------+-------------------------+-----
Spellcasting   | 3 4 5 |  5.9
Alchemy        | 3 4 5 6 7 |  7.0
Hexes          | 1 3 |  3.0
Summonings     | 2 4 |  4.0
Fighting       | 2 |  2.4
Dodging        | |  1.5
Stealth        | |  1.5
Conjurations   | |  0.7

Action                     |  1- 3 |  4- 6 |  7- 9 || total
---------------------------+-------+-------+-------++-------
  Melee: Unarmed           |     2 |       |       ||     2
         Glaive            |       |    15 |    33 ||    48
   Cast: Sting             |    79 |   101 |    76 ||   256
         Olgreb's Toxic Ra |       |     6 |    20 ||    26
  Evoke: Wand              |       |       |     6 ||     6
    Use: Scroll            |       |     4 |     1 ||     5
   Stab: Sleeping          |       |     1 |       ||     1
 Armour: Robe              |    10 |    42 |    62 ||   114
  Dodge: Dodged            |    15 |    48 |    41 ||   104

Table legend: (Time is in decaauts)
 A = Elapsed time spent in this place.
 B = Non-inter-level travel time spent in this place.
 C = Inter-level travel time spent in this place.
 D = Time resting spent in this place.
 E = Time spent auto-exploring this place.
 F = Levels seen in this place.
 G = Mean time per level.
                   A        B        C        D        E       F      G
               +--------+--------+--------+--------+--------+-----+--------+
         Total |   6645 |   6408 |    237 |    630 |   4972 |   7 |  949.3 |
       Dungeon |   6592 |   6407 |    185 |    630 |   4972 |   6 | 1098.7 |
        Temple |     53 |      1 |     52 |      0 |      0 |   1 |   53.0 |
               +--------+--------+--------+--------+--------+-----+--------+

Top non-repeatable levels by time:
     D:5: 1344 daAuts
     D:6: 1241 daAuts
     D:3: 1106 daAuts
     D:4: 1069 daAuts
     D:2: 1031 daAuts
     D:1: 799 daAuts
  Temple: 53 daAuts
